 Dungeon Crawl Stone Soup version 0.20.0-8-g6b59dc7 (webtiles) character file.

1 RKaid the Magician (level 1, -3/13 (14) HPs)
             Began as a Ghoul Wizard on May 29, 2017.
             Slain by a hobgoblin (4 damage)
             ... on level 1 of the Dungeon.
             The game lasted 00:01:15 (108 turns).

RKaid the Magician (Ghoul Wizard)                    Turns: 108, Time: 00:01:16

HP:   -3/13 (14)    AC:  8    Str: 10    XL:     1   Next: 20%
MP:   2/3           EV:  4    Int: 13    God:
Gold: 0             SH:  0    Dex:  7    Spells: 4/5 levels left

rFire    . . .     SeeInvis .   (no weapon)
rCold    + . .     Gourm    .   (no shield)
rNeg     + + +     Faith    .   f - +0 chain mail (curse)
rPois    ∞         Spirit   .   b - +0 hat
rElec    .         Reflect  .   (no cloak)
rCorr    .         Harm     .   (no gloves)
MR       .....                  (no boots)
Stlth    ..........             (no amulet)
Regen    0.0/turn               (no ring)
MPRegen  0.1/turn               (no ring)

@: very slightly contaminated, rotting
A: rotting body, claws 1, carnivore 3, cold resistance 1, negative energy
resistance 3, inhibited regeneration, torment resistance, unbreathing
a: no special abilities


You were on level 1 of the Dungeon.
You were not hungry.

You visited 1 branch of the dungeon, and saw 1 of its levels.

Inventory:

Hand Weapons
 g - a +0 club
   (You took it off a hobgoblin on level 1 of the Dungeon)
Armour
 a - a +0 robe
 b - a +0 hat (worn)
 f - a cursed +0 chain mail (worn)
   (You found it on level 1 of the Dungeon)
Scrolls
 e - a scroll of remove curse {unknown}
Books
 c - a book of Minor Magic
Comestibles
 d - a meat ration


   Skills:
 + Level 0.2 Fighting
 - Level 1.7 Dodging
 - Level 2.1 Stealth
 * Level 0.2 Unarmed Combat
 - Level 2.6 Spellcasting
 - Level 0.7 Conjurations
   Level 0.8 Summonings
   Level 0.8 Translocations


You had 4 spell levels left.
You knew the following spells:

 Your Spells              Type           Power        Failure   Level  Hunger
a - Magic Dart            Conj           #...         100%        1    #......


Dungeon Overview and Level Annotations

Branches:
Dungeon (1/15)

Altars:


Innate Abilities, Weirdness & Mutations

Your body is rotting away.
You thrive on raw meat.
You are immune to poison.
You have sharp fingernails.
You are carnivorous and can eat meat at any time.
Your flesh is cold resistant. (rC+)
You are immune to negative energy. (rN+++)
You do not regenerate when monsters are visible.
You are immune to unholy pain and torment.
You can survive without breathing.


Message History

Welcome, RKaid the Ghoul Wizard.
Will you be the one to retrieve the fabulous Orb of Zot from the depths?
Press ? for a list of commands and other information.
Found a scroll labeled VAMABE EMAINE.
Found an escape hatch in the floor.
Found a staircase leading out of the dungeon.
You feel your flesh rotting away.
Okay, then.
e - a scroll labeled VAMABE EMAINE As you open the door, it creaks loudly!
You open the door.
There is an open door here.
You open the door. You open the door.
There is an open door here.
You open the door.
There is an open door here.
Found a stone staircase leading down.
You see here a chain mail.
f - a chain mail Wear which item? (? for menu, Esc to quit)
You start removing your armour.
You continue taking off your +0 robe. x4
You finish taking off your +0 robe.
You start putting on your armour.
You continue putting on your chain mail. x5
You finish putting on your cursed +0 chain mail.
Oops, that feels deathly cold.
A hobgoblin comes into view. It is wielding a club.
The hobgoblin shouts!
You scratch the hobgoblin.
The hobgoblin hits you but does no damage.
You closely miss the hobgoblin.
The hobgoblin hits you but does no damage.
Your chain mail prevents you from hitting the hobgoblin.
You scratch the hobgoblin.
You kill the hobgoblin!
g - a club You open the door.
There is an open door here.
You open the door.
There is an open door here.
A hobgoblin comes into view.
The hobgoblin shouts!
Really attack barehanded? [Y]es or [N]o only, please.
Really attack barehanded? [Y]es or [N]o only, please.
Really attack barehanded? [Y]es or [N]o only, please.
Really attack barehanded? [Y]es or [N]o only, please.
Really attack barehanded? [Y]es or [N]o only, please.
Really attack barehanded?
You scratch the hobgoblin but do no damage.
The hobgoblin hits you.
You closely miss the hobgoblin.
The hobgoblin hits you but does no damage.
You closely miss the hobgoblin.
The hobgoblin hits you but does no damage.
Your chain mail prevents you from hitting the hobgoblin.
The hobgoblin hits you.
You closely miss the hobgoblin. The hobgoblin hits you.
You scratch the hobgoblin.
The hobgoblin hits you but does no damage.
The hobgoblin hits you.
You scratch the hobgoblin. The hobgoblin hits you.
You scratch the hobgoblin.
The hobgoblin hits you but does no damage.
You scratch the hobgoblin but do no damage.
The hobgoblin hits you.
* * * LOW HITPOINT WARNING * * *
Press: ? - help, v - describe, . - travel
Here: a hobgoblin (severely wounded)
The floor.
Unknown command.
Casting: Magic Dart
Confirm with . or Enter, or press ? or * to list all spells.
Aiming: Magic Dart
Press: ? - help, Shift-Dir - straight line, f - hobgoblin
Aim: a hobgoblin (moderately wounded)
You miscast Magic Dart.
You are very lightly contaminated with residual magic.
Strange energies run through your body. The hobgoblin hits you.
* * * LOW HITPOINT WARNING * * *
You closely miss the hobgoblin.
The hobgoblin hits you but does no damage.
Your chain mail prevents you from hitting the hobgoblin.
The hobgoblin hits you.
You die...

......#........###
......#...........
.#.....>.........#
...............#.#
.###.###.###+###.#
.#.....+.'.....#.#
.#+#.#+#####.#'#.#
...#.#.....#.#...#
.#.#.#..<..#.#.#@#
.#.###..>..###.#g#
##.#.#.....#
#.#.#####..
.'.#.'.....#
#..........
.#'#.#'###+#
#+#.$......
.#.....# ##.......
.###'### .####..
.# #.# .. . .# #.#
#.#


You could see a hobgoblin.

Vanquished Creatures
  A hobgoblin (D:1)
1 creature vanquished.

Notes
Turn   | Place    | Note
-------+----------+-------------------------------------------
     0 | D:1      | RKaid the Ghoul Wizard began the quest for the Orb.
     0 | D:1      | Reached XP level 1. HP: 14/14 MP: 3/3
    81 | D:1      | HP: 2/13 [hobgoblin (2)]
   106 | D:1      | HP: 1/13 [hobgoblin (1)]
   108 | D:1      | Slain by a hobgoblin

Action                   || total
-------------------------++-------
Melee: Unarmed           ||    15
Armor: Chain mail        ||     7

Table legend:
 A = Turns spent in this place as a percentage of turns spent in the entire game.
 B = Non-inter-level travel turns spent in this place as a percentage of non-inter-level travel turns spent in the entire game.
 C = Inter-level travel turns spent in this place as a percentage of turns spent in this place.
 D = Turns resting spent in this place as a percentage of non-inter-level travel turns spent in this place.
 E = Turns spent auto-exploring this place as a percentage of non-inter-level travel turns spent in this place.
 F = Non-inter-level travel turns spent in this place divided by the number of levels of this place that you've seen.
                   A       B       C       D       E      F
               +-------+-------+-------+-------+-------+----------------------
         Total | 100.0 | 100.0 |   0.0 |   0.0 |   3.9 |  76.0
       Dungeon | 100.0 | 100.0 |   0.0 |   0.0 |   3.9 |  76.0
               +-------+-------+-------+-------+-------+----------------------

Table legend:
 A = Kills in this place as a percentage of kills in entire the game.
 B = Kills by you in this place as a percentage of kills by you in the entire game.
 C = Kills by friends in this place as a percentage of kills by friends in the entire game.
 D = Other kills in this place as a percentage of other kills in the entire game.
 E = Experience gained in this place as a percentage of experience gained in the entire game.
 F = Experience gained in this place divided by the number of levels of this place that you have seen.
                   A       B       C       D       E      F
               +-------+-------+-------+-------+-------+----------------------
         Total | 100.0 | 100.0 |  -nan |  -nan | 100.0 |   2.0
       Dungeon | 100.0 | 100.0 |  -nan |  -nan | 100.0 |   2.0
               +-------+-------+-------+-------+-------+----------------------
